 Dungeon Crawl Stone Soup version 0.30-a0-802-gb92711bcdf (webtiles) character file.

Game seed: 3732425696382451513

304 Hubris850 the Chiller (level 6, -1/48 HPs)
             Began as a Draconian Ice Elementalist on Feb 24, 2023.
             Killed by nerve-wracking pain
             ... invoked by an orc priest
              (10 damage)
             ... on level 3 of the Dungeon.
             The game lasted 00:08:02 (2132 turns).

Hubris850 the Chiller (Draconian Ice Elementalist)  Turns: 2132, Time: 00:08:03

Health: -1/48      AC: 13    Str: 10    XL:     6   Next: 15%
Magic:  1/9        EV: 13    Int: 18    God:
Gold:   192        SH:  0    Dex: 11    Spells: 3/10 levels left

rFire   + . .      SeeInvis +    A - +12 long sword of Ynyig {heavy, SInv}
rCold   . . .      Faith    .    (no shield)
rNeg    . . .      Spirit   .    (body armour unavailable)
rPois   .          Reflect  .    (helmet restricted)
rElec   .          Harm     .    (no cloak)
rCorr   .          Rampage  .    (no gloves)
Will    .....                    g - +0 pair of boots
Stlth   ++                       (no amulet)
HPRegen 0.28/turn                i - ring of protection from fire
MPRegen 0.11/turn                s - ring of flight

@: ice-armoured, freezing walls, flying
A: AC +6, unfitting armour, cold-blooded
a: no special abilities


You were on level 3 of the Dungeon.
You visited 1 branch of the dungeon, and saw 3 of its levels.

You collected 192 gold pieces.

Inventory:

Hand Weapons
 b - a +0 club
 d - a +0 whip
 k - a +0 short sword
 w - a +2 vampiric dagger
 A - the +12 long sword of Ynyig (weapon) {heavy, SInv}
   (You took it off a goblin on level 3 of the Dungeon)

   SInv:      It lets you see invisible.
Missiles
 h - 6 poisoned darts
 m - 6 boomerangs
Armour
 g - a +0 pair of boots (worn)
Magical Staves
 j - a staff of poison
Jewellery
 i - a ring of protection from fire (left hand)
 s - a ring of flight (right hand)
Scrolls
 f - 3 scrolls of identify {unknown}
 l - a scroll of summoning {unknown}
 o - a scroll of fog {unknown}
 p - a scroll of teleportation {unknown}
 r - 2 scrolls of immolation {unknown}
 t - a scroll of magic mapping {unknown}
 y - 2 scrolls of amnesia {unknown}
Potions
 a - a potion of magic
 c - 2 potions of lignification {unknown}
 e - a potion of mutation {unknown}
 n - a potion of ambrosia {unknown}
 q - 2 potions of haste {unknown}
 u - a potion of berserk rage {unknown}
 v - a potion of might {unknown}
 x - 2 potions of brilliance {unknown}
 z - a potion of curing


   Skills:
 - Level 2.0 Fighting
 + Level 3.8 Dodging
 - Level 4.0 Stealth
 - Level 2.5 Spellcasting
 - Level 4.4 Ice Magic


You had 3 spell levels left.
You knew the following spells:

 Your Spells              Type           Power      Damage    Failure   Level
a - Freeze                Ice            72%        1d8       2%          1
b - Frozen Ramparts       Ice            36%        1d6       9%          3
c - Ozocubu's Armour      Ice            18%        N/A       9%          3

Your spell library contained the following spells:

 Spells                   Type           Power      Damage    Failure   Level
 Summon Ice Beast         Ice/Summ       10%        N/A       56%         4


Dungeon Overview and Level Annotations

Branches:
Dungeon (3/15)

Altars:
Trog

Shops:
D:3 [=


Innate Abilities, Weirdness & Mutations

Your plain brown scales are hard. (AC +6)
You cannot fit into any form of body armour.
You are cold-blooded and may be slowed by cold attacks.


Message History

Confirm with . or Enter, or press ? or * to list all spells.
A film of ice covers your body!
The wall freezes the kobold.
You kill the kobold!
The orc priest calls down the wrath of Beogh upon you.
Beogh smites you!
The wall freezes the orc.
You hit the orc.
The orc is almost dead.
The orc priest looks braver for a moment.
The wall freezes the orc but does no damage.
The orc closely misses you.
The wall freezes the orc.
You kill the orc!
The wall freezes the orc priest but does no damage.
You barely miss the orc priest.
The frozen ramparts melt away.
The orc priest closely misses you.
The orc priest calls down the wrath of Beogh upon you.
Beogh smites you!
The orc priest hits you with a +0 short sword.
Casting: Ozocubu's Armour (dangerous; 9% risk of failure)
Confirm with . or Enter, or press ? or * to list all spells.
Casting: Frozen Ramparts (dangerous; 9% risk of failure)
Press: ? - help, Dir - look around, f - activate The walls around you are covered in ice.
The wall freezes the orc priest but does no damage.
The orc priest hits you but does no damage.
The wall freezes the orc priest.
The wall freezes the orc.
You slash the orc priest!
The orc priest is severely wounded.
The wall freezes the orc priest.
The orc priest closely misses you.
The wall freezes the orc priest.
The wall freezes the orc.
The wall freezes the orc priest.
The orc priest calls down the wrath of Beogh upon you.
Beogh smites you!
* * * LOW HITPOINT WARNING * * *
The wall freezes the orc.
You kill the orc!
The wall freezes the orc priest but does no damage.
The orc priest mumbles some strange prayers to Beogh against you.
Pain shoots through your body!
You die...

###### ##.....#. ##.........
############............. #
..........##..>.......... #
..........##................
....)....oo@...............
.........)##....(........
##.....#####............. ##
....... ###...........##.
...o... #......######...
....... #.####......>.##
..o.... #.##...####...#.
......K ..#.........#...
....... ####...######....


You could see 2 orc priests.

Vanquished Creatures
  Grinder (D:3)
  Jessica (D:3)
  Robin (D:3)
  3 adders
  A worm (D:3)
  4 orcs (D:3)
  A bat (D:2)
  4 endoplasms
  9 goblins
  9 hobgoblins
  5 kobolds
  2 quokkas
  4 ball pythons (D:2)
  4 frilled lizards
  5 rats
54 creatures vanquished.

Notes
Turn   | Place    | Note
-------+----------+-------------------------------------------
     0 | D:1      | Hubris850 the Draconian Ice Elementalist began the quest
                  | for the Orb.
     0 | D:1      | Reached XP level 1. HP: 14/14 MP: 3/3
   370 | D:1      | Reached XP level 2. HP: 18/20 MP: 5/5
  1049 | D:2      | Reached XP level 3. HP: 25/27 MP: 3/6
  1053 | D:2      | Learned a level 3 spell: Frozen Ramparts
  1157 | D:2      | Found a faded altar of an unknown god.
  1352 | D:2      | Reached skill level 1 in Fighting
  1651 | D:3      | Found Guavijapa's Antique Armour Shoppe.
  1659 | D:3      | Noticed Jessica
  1665 | D:3      | Killed Jessica
  1666 | D:3      | Reached XP level 4. HP: 32/35 MP: 2/7
  1670 | D:3      | Learned a level 3 spell: Ozocubu's Armour
  1740 | D:3      | Noticed Robin
  1761 | D:3      | Killed Robin
  1796 | D:3      | Found Afipsemn's Jewellery Shoppe.
  1840 | D:3      | Found a bloodstained altar of Trog.
  1992 | D:3      | Identified the +12 long sword of Ynyig {heavy, SInv}
  2023 | D:3      | Noticed Grinder
  2044 | D:3      | Killed Grinder
  2045 | D:3      | Reached XP level 5. HP: 41/41 MP: 2/8
  2045 | D:3      | Reached XP level 6. HP: 48/48 MP: 2/9
  2132 | D:3      | Killed from afar by an orc priest

Illustrated notes

Levels and vault maps discovered:
D:1:      lightli_arrival_isolated_outpost, layout_loops_ring,
          hangedman_abyss_or_decor_stabs
D:2:      layout_basic, shapermc_ecumenical_altar_flowoftime, minivault_25,
          kennysheep_minor_cross
D:3:      layout_rooms, mainiacjoe_overflow_brackets, serial_shops, shop, shop,
          uniq_grinder, uniq_robin, uniq_jessica

Skill      XL: |  1  2  3  4 |
---------------+-------------+-----
Stealth        | 2 4 |  4.0
Dodging        | 2 3 |  3.8
Fighting       | 1 2 |  2.0
Spellcasting   | |  2.5
Ice Magic      | |  4.4

Action                     |  1- 3 |  4- 6 || total
---------------------------+-------+-------++-------
  Melee: Whip              |    16 |       ||    16
         Unarmed           |     6 |       ||     6
         Tailslap          |     2 |     4 ||     6
         Club              |     1 |       ||     1
         Short sword       |     9 |    18 ||    27
         Dagger            |       |    17 ||    17
         Long sword        |       |    10 ||    10
  Throw: Dart              |     2 |       ||     2
   Cast: Freeze            |    32 |     4 ||    36
         Frozen Ramparts   |       |     5 ||     5
         Ozocubu's Armour  |       |     2 ||     2
   Stab: Sleeping          |     2 |     1 ||     3
 Armour: Skin              |    12 |    12 ||    24
  Dodge: Dodged            |    27 |    22 ||    49

Table legend: (Time is in decaauts)
 A = Elapsed time spent in this place.
 B = Non-inter-level travel time spent in this place.
 C = Inter-level travel time spent in this place.
 D = Time resting spent in this place.
 E = Time spent auto-exploring this place.
 F = Levels seen in this place.
 G = Mean time per level.
                   A        B        C        D        E       F      G
               +--------+--------+--------+--------+--------+-----+--------+
         Total |   2150 |   2082 |     68 |      0 |   1677 |   3 |  716.7 |
       Dungeon |   2150 |   2082 |     68 |      0 |   1677 |   3 |  716.7 |
               +--------+--------+--------+--------+--------+-----+--------+

Top non-repeatable levels by time:
     D:2: 861 daAuts
     D:1: 730 daAuts
     D:3: 559 daAuts
